General information
- name: 2v2 with obs! leavers gtfo
- type: Custom game
- host: MyNameSucks
- saver: MyNameSucks
map: Goldshire
- players: 12
- length: 18:52
- speed: Fast
- version: 1.23 W3XP
- replay type: Public
» download(117 KB)
Players
team 1 (loser)

»
EyEsOnU (
green | 41 APM | 771 actions | 18:52)
4 Keeper of the Grove
2 Entangling Roots
2 Thorns Aura
3 Naga Sea Witch
2 Frost Arrows
1 Forked Lightning
1 Shadow Hunter
1 Hex
» actions
| Basic commands | 37 | |
| Build / train | 37 | |
| Enter build submenu | 19 | |
| Enter hero's abilities submenu | 8 | |
| Give item / drop item | 1 | |
| Right click | 321 | |
| Select / deselect | 295 | |
| Use ability | 53 | |
771 total
» units
» upgrades
| Strength of the Wild | 3 | |
| Sentinel | 1 | |
| Corrosive Breath | 1 | |
5 total
» buildings
| Altar of Elders | 1 | |
| Moon Well | 9 | |
| Hunter's Hall | 1 | |
| Ancient of War | 2 | |
| Tree of Ages | 1 | |
| Ancient of Wonders | 1 | |
| Ancient of Wind | 1 | |
| Tree of Eternity | 1 | |
| Chimaera Roost | 3 | |
20 total
» build order
00:18 Altar of Elders
00:20 Moon Well
01:18 Hunter's Hall
01:53 Ancient of War
02:10 Moon Well
02:48 Ancient of War
02:52 Moon Well
04:37 Moon Well
05:35 Tree of Ages
05:37 Moon Well
06:05 Ancient of Wonders
06:37 Moon Well
08:13 Moon Well
08:36 Ancient of Wind
08:54 Moon Well
09:21 Tree of Eternity
11:52 Chimaera Roost
11:54 Chimaera Roost
11:59 Chimaera Roost
12:19 Moon Well

»
NeverQuit (
red | 88 APM | 1474 actions | 16:43)
5 Blademaster
2 Wind Walk
3 Critical Strike
3 Shadow Hunter
1 Hex
2 Healing Wave
» actions
| Assign group hotkey | 25 | |
| Basic commands | 50 | |
| Build / train | 55 | |
| ESC pressed | 3 | |
| Enter build submenu | 23 | |
| Enter hero's abilities submenu | 8 | |
| Give item / drop item | 8 | |
| Right click | 585 | |
| Select / deselect | 246 | |
| Select group hotkey | 365 | |
| Use ability | 102 | |
1474 total
» units
| Peon | 9 | |
| Grunt | 3 | |
| Wind Rider | 1 | |
| Kodo Beast | 4 | |
| Goblin Shredder | 1 | |
| Spirit Walker | 1 | |
19 total
» upgrades
| War Drums Damage Increase | 1 | |
| Reinforced Defenses | 1 | |
| Ensnare | 1 | |
| Envenomed Spears | 1 | |
| Liquid Fire | 1 | |
5 total
» buildings
| Altar of Storms | 2 | |
| Orc Burrow | 4 | |
| Barracks | 1 | |
| Voodoo Lounge | 1 | |
| Stronghold | 2 | |
| War Mill | 1 | |
| Watch Tower | 5 | |
| Beastiary | 2 | |
| Fortress | 1 | |
| Great Hall | 2 | |
| Spirit Lodge | 1 | |
22 total
» build order
00:05 Altar of Storms
00:06 Altar of Storms
00:19 Orc Burrow
00:35 Barracks
01:28 Orc Burrow
01:50 Voodoo Lounge
02:55 Stronghold
02:55 Stronghold
03:24 Orc Burrow
03:44 War Mill
05:08 Watch Tower
05:09 Watch Tower
05:49 Beastiary
06:02 Beastiary
07:20 Fortress
09:24 Great Hall
09:25 Watch Tower
09:44 Great Hall
09:58 Watch Tower
09:59 Watch Tower
10:38 Orc Burrow
14:21 Spirit Lodge
» items
| Healing Salve | 5 | |
| Staff of Teleportation | 2 | |
| Boots of Speed | 2 | |
| Lesser Clarity Potion | 2 | |
| Scroll of Speed | 1 | |
| Circlet of Nobility | 1 | |
| Orb of Lightning | 1 | |
14 total
team 2 (winner)

»
joshdog9 (
blue | 13 APM | 247 actions | 18:52)
1 Death Knight
1 Death Coil
» actions
| Build / train | 12 | |
| Enter build submenu | 5 | |
| Enter hero's abilities submenu | 2 | |
| Right click | 153 | |
| Select / deselect | 63 | |
| Use ability | 12 | |
247 total
» units
» buildings
| Altar of Darkness | 1 | |
| Necropolis | 1 | |
| Crypt | 1 | |
| Graveyard | 1 | |
| Ziggurat | 1 | |
5 total
» build order
00:33 Altar of Darkness
11:39 Necropolis
13:42 Crypt
14:12 Graveyard
14:38 Ziggurat
» items
brooksyman (
gray | 15 APM | 232 actions | 15:10)
1 Paladin
1 Devotion Aura
» actions
| Build / train | 40 | |
| Enter build submenu | 21 | |
| Enter hero's abilities submenu | 1 | |
| Right click | 50 | |
| Select / deselect | 102 | |
| Use ability | 18 | |
232 total
» units
» upgrades
| Masonry | 3 | |
| Lumber Harvesting | 2 | |
| Priest Training | 1 | |
| Swords | 2 | |
| Plating | 2 | |
10 total
» buildings
| Farm | 5 | |
| Barracks | 1 | |
| Lumber Mill | 1 | |
| Scout Tower | 8 | |
| Keep | 1 | |
| Guard Tower | 5 | |
| Altar of Kings | 1 | |
| Arcane Sanctum | 1 | |
| Blacksmith | 1 | |
| Castle | 1 | |
25 total
» build order
00:12 Farm
00:36 Barracks
01:03 Farm
01:25 Lumber Mill
01:45 Farm
02:38 Scout Tower
02:48 Scout Tower
03:00 Keep
03:23 Guard Tower
03:36 Guard Tower
04:04 Scout Tower
04:07 Scout Tower
04:41 Scout Tower
04:54 Guard Tower
05:14 Scout Tower
05:22 Altar of Kings
05:58 Guard Tower
06:27 Arcane Sanctum
06:43 Blacksmith
08:10 Farm
09:44 Castle
10:01 Farm
11:40 Scout Tower
13:09 Scout Tower
13:13 Guard Tower
observersMyNameSucks,
MiLKyWaY,
cRodz,
i.eat.crack,
micksandfobs,
Still-Smokin,
doctorfuzz,
Gg.Sanchez Chat log
(00:11 / Observers) Gg.Sanchez: dude u gave her thje full release dont deny it
(00:16 / Observers) micksandfobs: gg
(00:18 / Observers) doctorfuzz: its old already
(00:18 / Observers) MiLKyWaY: plz
(00:22 / Observers) MyNameSucks: he's there
(00:23 / Observers) doctorfuzz: u gave ur mom a dirty sanchez
(00:25 / Observers) doctorfuzz: sanchez'
(00:26 / Observers) MiLKyWaY: don't talk about my fake mother in law like dat
(00:36 / Observers) Gg.Sanchez: wowowowowowo blue is fail good
(00:37 / Observers) MiLKyWaY: money on xmas team
(00:49 / Observers) doctorfuzz: this a joke
(00:49 / Observers) doctorfuzz: ?
(00:52 / Observers) cRodz: no
(00:54 / Observers) MyNameSucks: the fail is strong in west team
(00:55 / Observers) cRodz: blue is pro
(00:56 / Observers) doctorfuzz: well first obs game of the day
(00:58 / Observers) doctorfuzz: is a rousing start
(01:03 / Observers) Gg.Sanchez: ghoul is like wtf is this nigga doing
(01:05 / Observers) MiLKyWaY: grey
(01:05 / Observers) MyNameSucks: or bottom team depending how you look at it
(01:05 / Observers) MiLKyWaY: xD
(01:12 / Observers) cRodz: blue is going frostys
(01:13 / Observers) micksandfobs: lol
(01:15 / Observers) cRodz: mark my words
(01:18 / Observers) MiLKyWaY: southwest
(01:29 / Observers) cRodz: those
(01:32 / Observers) Gg.Sanchez: i like blues strategy
(01:36 / Observers) cRodz: those peasants
(01:37 / Observers) cRodz: are
(01:40 / Observers) cRodz: chatting
(01:42 / Observers) cRodz: about their lives
(01:46 / Observers) micksandfobs: lol
(01:49 / Observers) Gg.Sanchez: and about religion
(01:55 / Observers) MyNameSucks: grey doesn't have neary enough peasants
(02:03 / All) EyEsOnU: Lawl
(02:04 / Observers) MyNameSucks: think he's goinng militia rush hardcore
(02:11 / All) NeverQuit: hes afk!
(02:12 / Observers) cRodz: gee gee
(02:13 / Observers) micksandfobs: gg
(02:14 / Observers) doctorfuzz: mw
(02:17 / Observers) MiLKyWaY: hm?
(02:18 / Observers) doctorfuzz: today
(02:21 / Observers) doctorfuzz: room
(02:21 / Observers) MiLKyWaY: wha?
(02:22 / Observers) doctorfuzz: i mean
(02:22 / Observers) MiLKyWaY: oh
(02:24 / Observers) MiLKyWaY: nice
(02:24 / Observers) doctorfuzz: my room
(02:25 / All) joshdog9: what?
(02:25 / Observers) doctorfuzz: ---
(02:28 / Observers) MiLKyWaY: how so?
(02:32 / Observers) MyNameSucks: I don't think blue realizes ghouls are for lumber
(02:33 / Observers) doctorfuzz: moved furniture
(02:35 / Observers) doctorfuzz: and
(02:36 / Observers) MiLKyWaY: nice
(02:36 / Observers) doctorfuzz: my bed
(02:36 / Observers) Still-Smokin: doctor u quit talkn about ur mom
(02:39 / Observers) doctorfuzz: is near my desk
(02:40 / Observers) doctorfuzz: so
(02:42 / Observers) MiLKyWaY: ooh
(02:43 / Observers) doctorfuzz: i can sit on my bed
(02:44 / Observers) cRodz: ghouls are never for lumber
(02:46 / Observers) doctorfuzz: and go on pc
(02:47 / Observers) cRodz: ghouls are for attacking
(02:48 / Observers) MiLKyWaY: so you can sit on bed?
(02:49 / Observers) MiLKyWaY: yeeah
(02:50 / Observers) Gg.Sanchez: dude u were massaging her back and went a lil bit too low
(02:51 / Observers) doctorfuzz: and therres a litle leg room
(02:55 / Observers) MyNameSucks: ghoul is 4 fite
(02:56 / Observers) MiLKyWaY: nice
(02:59 / Observers) MyNameSucks: *gool
(03:01 / Observers) doctorfuzz: to put the legs in
(03:06 / Observers) i.eat.crack: wtf
(03:08 / Observers) MiLKyWaY: ooh
(03:09 / Observers) doctorfuzz: but my back might hurt
(03:11 / Observers) i.eat.crack: y are these people so bad
(03:12 / Observers) doctorfuzz: if i sit upraight
(03:14 / Observers) doctorfuzz: without support
(03:17 / Observers) MiLKyWaY: yeah, that was my problem
(03:19 / Observers) cRodz: wow
(03:22 / Observers) doctorfuzz: so maybe use pillows
(03:23 / Observers) MiLKyWaY: so i leaned against wall
(03:28 / Observers) doctorfuzz: nah
(03:29 / Observers) cRodz: suddenly...spineless people...everywhere
(03:38 / Observers) doctorfuzz: but im enclosed
(03:39 / Observers) doctorfuzz: sorta
(03:39 / Observers) MiLKyWaY: why are we still here?
(03:40 / Observers) MyNameSucks: this conversation sounds completly wrong if you weren't paying attention earlier
(03:42 / Observers) doctorfuzz: well cept my right side
(03:42 / Observers) MiLKyWaY: this isn't fun.
(03:49 / Observers) doctorfuzz: i gotta find something
(03:49 / Observers) cRodz: whore
(03:52 / Observers) MiLKyWaY: oh, enclosed o.o
(03:53 / Observers) doctorfuzz: to put on the right side of the bed
(03:59 / Observers) MiLKyWaY: ah
(04:01 / Observers) doctorfuzz: something long
(04:07 / Observers) doctorfuzz: and i moved my fish tank
(04:08 / Observers) MyNameSucks: 4 first timers
(04:09 / Observers) MiLKyWaY: =o
(04:10 / Observers) doctorfuzz: to my dresser
(04:12 / Observers) doctorfuzz: the only thing is
(04:14 / Observers) doctorfuzz: the cabinets
(04:15 / Observers) MiLKyWaY: any fish still here?
(04:16 / Observers) doctorfuzz: drawers
(04:17 / Observers) MiLKyWaY: there*
(04:18 / Observers) doctorfuzz: might be hard
(04:20 / Observers) doctorfuzz: to open
(04:23 / Observers) cRodz: wait
(04:28 / Observers) cRodz: so you like it long and it might be hard
(04:30 / Observers) doctorfuzz: cuz the drawers are blocked by the bed a little
(04:37 / Observers) doctorfuzz: ill take a pic
(04:38 / Observers) MiLKyWaY: plz, crodz
(04:39 / Observers) doctorfuzz: or try to
(04:41 / Observers) doctorfuzz: show u
(04:44 / Observers) MiLKyWaY: let's keep this clean
(04:45 / Observers) MiLKyWaY: okie
(04:46 / Observers) cRodz: oh please
(04:48 / Observers) cRodz: show me
(04:49 / Observers) doctorfuzz: where u will be living
(04:49 / Observers) cRodz: said
(04:51 / Observers) cRodz: picture
(04:54 / Observers) MiLKyWaY: oh
(04:55 / Observers) cRodz: i would be more than gladly
(05:00 / Observers) MiLKyWaY: i thought we could move to the farm
(05:03 / Observers) cRodz: to follow the link you will post in this warcraft game
(05:03 / Observers) MiLKyWaY: or paris
(05:06 / Observers) micksandfobs: someone tell blue to get the cock out of his mouth
(05:09 / Observers) doctorfuzz: maybe in a few years
(05:13 / Observers) MiLKyWaY: right
(05:14 / Observers) doctorfuzz: when we win the lotto
(05:18 / Observers) i.eat.crack: lol @ grey towering
(05:19 / Observers) Gg.Sanchez: blue is really playing hard
(05:21 / Observers) MyNameSucks: maybe he thinks it's wow
(05:22 / Observers) MiLKyWaY: gotta start off in your parents house
(05:27 / Observers) doctorfuzz: yes
(05:27 / Observers) MyNameSucks: and he's looking for quests
(05:29 / Observers) MiLKyWaY: yeah
(05:30 / Observers) doctorfuzz: do u kno
(05:30 / Observers) cRodz: towers
(05:32 / Observers) cRodz: are good
(05:33 / Observers) doctorfuzz: when u buy chinese food
(05:33 / Observers) cRodz: for defnese
(05:35 / Observers) cRodz: silly
(05:36 / Observers) doctorfuzz: they give u a lotto ticket
(05:36 / Observers) doctorfuzz: ?
(05:45 / Observers) MiLKyWaY: i love chinese food o.o
(05:48 / Observers) doctorfuzz: im relying on that
(05:53 / Observers) doctorfuzz: do the chinese places u go to
(05:56 / Observers) MiLKyWaY: i thought that was just lucky numbers for the day
(05:58 / Observers) doctorfuzz: give u a free lotto ticket
(06:05 / Observers) doctorfuzz: wha
(06:07 / Observers) i.eat.crack: not were i live
(06:08 / Observers) MyNameSucks: it's like he's just exploring
(06:08 / Observers) MiLKyWaY: i didn't know it was lotto
(06:09 / Observers) doctorfuzz: they got the numbers on it
(06:13 / Observers) micksandfobs: does gray think this is campaign
(06:13 / Observers) MiLKyWaY: yeah
(06:15 / Observers) doctorfuzz: pick 5
(06:16 / Observers) MiLKyWaY: lucky numbers
(06:16 / Observers) Gg.Sanchez: what are green and red doing why dont they finish THIS?!?!??!?!?!?!
(06:17 / Observers) doctorfuzz: lotto
(06:18 / All) EyEsOnU: the game is on :o
(06:18 / Observers) Gg.Sanchez: WTF
(06:19 / Observers) Gg.Sanchez: w
(06:22 / Observers) Gg.Sanchez: t
(06:23 / Observers) Gg.Sanchez: f
(06:24 / Observers) cRodz: GUISE BLUE HAS 1.8K MONEYYZ
(06:27 / All) EyEsOnU: I'm distracted
(06:31 / Observers) cRodz: I TOLD YA
(06:34 / Observers) cRodz: BLUE WAS GOING FROSTYS
(06:40 / Observers) MyNameSucks: jesus christ with just 2 acolytes?
(06:44 / Observers) MiLKyWaY: might need to move that ghoul
(06:51 / Observers) cRodz: blue
(06:54 / Observers) cRodz: is getting
(06:57 / Observers) cRodz: to the frosty
(06:58 / Observers) cRodz: movement
(06:59 / Observers) Gg.Sanchez: could u actually cut through this woods????
(07:01 / Observers) MyNameSucks: gool is 4 fap
(07:08 / Observers) cRodz: fap you say?
(07:18 / Observers) MyNameSucks: that's all it's doing
(07:20 / Observers) MyNameSucks: the
(07:24 / Observers) micksandfobs: ghoul just chilling
(07:27 / Observers) MyNameSucks: the gap looks too small for me
(07:32 / Observers) MiLKyWaY: ooh
(07:37 / Observers) MyNameSucks: twss
(07:40 / Observers) doctorfuzz: u kno what they call it
(07:40 / Observers) MiLKyWaY: does it have a sunken pirate ship?
(07:42 / Observers) cRodz: look
(07:43 / Observers) doctorfuzz: aquascaping
(07:46 / Observers) MiLKyWaY: o.o
(07:46 / Observers) cRodz: that death knight
(07:48 / Observers) MyNameSucks: lol towering to creep
(07:49 / Observers) doctorfuzz: like landscaping
(07:49 / Observers) cRodz: os tearing shit apart
(07:53 / Observers) doctorfuzz: but aquascaping
(07:53 / Observers) MiLKyWaY: ooh
(07:57 / Observers) MiLKyWaY: neat-o
(07:59 / Observers) i.eat.crack: greens bad at creeping
(08:01 / Observers) doctorfuzz: no i dont got a crummy pirate ship
(08:04 / Observers) doctorfuzz: im all natural baby
(08:06 / Observers) MyNameSucks: I swear blue thinks it's wow
(08:07 / Observers) doctorfuzz: natural plants
(08:08 / Observers) MiLKyWaY: pj
(08:10 / Observers) cRodz: A FUCKING TOME
(08:11 / Observers) MiLKyWaY: p
(08:13 / Observers) MiLKyWaY: oh*
(08:16 / Observers) cRodz: GREY DOESNT NEED THE EXTRA MANA
(08:22 / Observers) cRodz: he is a man
(08:23 / All) EyEsOnU: lawl
(08:23 / Observers) MiLKyWaY: hmm
(08:24 / Observers) i.eat.crack: lol @ blue
(08:25 / Observers) MyNameSucks: dps paladin
(08:26 / Observers) i.eat.crack: he coulda coiled
(08:34 / Observers) micksandfobs: grey thinks this is campaign
(08:34 / All) brooksyman: ?
(08:35 / Observers) MiLKyWaY: did he get coil?
(08:38 / Observers) i.eat.crack: idk
(08:38 / Observers) Gg.Sanchez: blue is a good player
(08:41 / Observers) i.eat.crack: but greens hero was 50 life
(08:41 / Observers) MyNameSucks: I think he's half afk
(08:43 / Observers) MiLKyWaY: prob went pact =)
(08:43 / Observers) i.eat.crack: right next to him
(08:47 / Observers) cRodz: blue
(08:49 / Observers) cRodz: doesnt need
(08:51 / Observers) cRodz: an army to win
(08:53 / Observers) cRodz: naggers
(08:56 / Observers) MyNameSucks: he has motherfucking boots
(08:57 / Observers) micksandfobs: boots
(09:01 / Observers) doctorfuzz: blue is pretending to be bad player
(09:01 / Observers) i.eat.crack: he needs amircle
(09:01 / Observers) cRodz: fuck yeah
(09:03 / Observers) cRodz: see
(09:05 / Observers) doctorfuzz: he is pschying them out
(09:06 / Observers) cRodz: he is gonna creep
(09:09 / Observers) cRodz: and get to level 10
(09:12 / Observers) cRodz: and rip shit apart
(09:12 / Observers) doctorfuzz: so they think hes a joke and go easy on them
(09:13 / Observers) Gg.Sanchez: cant believe he know he can buy items
(09:20 / Observers) micksandfobs: lol'
(09:23 / Observers) MyNameSucks: you can only creep to 5 silly
(09:28 / Observers) micksandfobs: rofl literally
(09:31 / Observers) MiLKyWaY: and grey is roleplaying a human kingdom
(09:36 / Observers) cRodz: blue
(09:37 / Observers) MyNameSucks: he's making stormwind
(09:42 / Observers) cRodz: will change those creeping rules
(09:51 / Observers) cRodz: look
(09:56 / Observers) cRodz: EPIX FIGHT
(09:58 / Observers) MiLKyWaY: oh
(09:59 / Observers) micksandfobs: lol
(09:59 / Observers) MiLKyWaY: lol
(10:00 / Observers) cRodz: see
(10:02 / Observers) MyNameSucks: red vs blue
(10:03 / Observers) MiLKyWaY: x.x
(10:06 / Observers) doctorfuzz: i used to have show pillows
(10:07 / Observers) cRodz: first coil then hit
(10:09 / Observers) cRodz: then coil
(10:10 / Observers) doctorfuzz: but we cant find them
(10:11 / Observers) cRodz: GENIUS
(10:17 / Observers) MyNameSucks: bam
(10:19 / Observers) doctorfuzz: i want them cuz they would help with the fort
(10:20 / Observers) MyNameSucks: like a gun
(10:22 / Observers) MiLKyWaY: he knows how to revive
(10:23 / Observers) doctorfuzz: but they went missing
(10:35 / Observers) MyNameSucks: holy shit the aco moved
(10:35 / Observers) MiLKyWaY: oh
(10:38 / Observers) MiLKyWaY: a fort?
(10:44 / Observers) MiLKyWaY: you make forts?
(10:47 / Observers) micksandfobs: gnoll camp going down
(10:47 / Observers) Gg.Sanchez: i dont believe it
(10:47 / Observers) doctorfuzz: we;;
(10:50 / Observers) cRodz: the ghouls has not moved an inch
(10:52 / Observers) doctorfuzz: enclosed
(10:54 / Observers) cRodz: since it was spawned
(10:55 / Observers) MiLKyWaY: ah
(11:00 / Observers) MyNameSucks: it chased a wisp once
(11:01 / Observers) Gg.Sanchez: i like deformed women
(11:03 / Observers) MiLKyWaY: will we live in the fort?
(11:14 / Observers) micksandfobs: 7 priest
(11:17 / Observers) doctorfuzz: i like lots of blankets
(11:19 / Observers) doctorfuzz: and pillows
(11:20 / Observers) Gg.Sanchez: mass priest rofl
(11:20 / Observers) MiLKyWaY: same
(11:22 / Observers) doctorfuzz: its hard to describe
(11:23 / Observers) doctorfuzz: i wanan be
(11:24 / Observers) MiLKyWaY: i loooove pillows
(11:25 / Observers) doctorfuzz: enclosed
(11:28 / Observers) MyNameSucks: he's going to kill them damn orcs
(11:30 / Observers) doctorfuzz: i dont like open spaces
(11:33 / Observers) MiLKyWaY: i just like fluffiness
(11:36 / Observers) doctorfuzz: i wanan be
(11:37 / Observers) doctorfuzz: encased
(11:39 / Observers) MiLKyWaY: well
(11:40 / Observers) doctorfuzz: in material
(11:43 / Observers) MiLKyWaY: we're going to europe
(11:47 / Observers) MiLKyWaY: it's pretty open there
(11:49 / Observers) MyNameSucks: I wonder if they're saying anything in allies chat
(11:52 / Observers) doctorfuzz: not the catacombs
(11:53 / Observers) MyNameSucks: the southwest team
(12:01 / Observers) MiLKyWaY: we're not going to the catacombs
(12:04 / Observers) MiLKyWaY: that's gross
(12:05 / Observers) Gg.Sanchez: this game is not a joke
(12:08 / Observers) doctorfuzz: u
(12:12 / Observers) cRodz: A NECROPLOS
(12:16 / Observers) MiLKyWaY: says me
(12:19 / Observers) cRodz: BLUE '
(12:21 / Observers) doctorfuzz: they are pretending to be bad
(12:21 / Observers) cRodz: IS
(12:21 / Observers) i.eat.crack: wow
(12:22 / Observers) cRodz: A
(12:23 / Observers) MyNameSucks: genious
(12:25 / Observers) cRodz: GENIUS
(12:25 / Observers) doctorfuzz: psyching the opponents out
(12:26 / Observers) Gg.Sanchez: necropolis dont need wood
(12:27 / Observers) i.eat.crack: y dont they hit
(12:34 / Observers) doctorfuzz: ill try to take a pic with my macbook
(12:35 / Observers) MiLKyWaY: oh
(12:36 / Observers) micksandfobs: i hope blue gets thrown in a portopotty in a river and lands on a oilfire
(12:42 / Observers) MiLKyWaY: macbook
(12:45 / Observers) doctorfuzz: i got a digital camera around but i dont kno how to use it rly
(12:46 / Observers) i.eat.crack: lol
(12:47 / Observers) MyNameSucks: I need a screenshot of this
(12:48 / Observers) MiLKyWaY: you play wc on macbook?
(12:50 / Observers) doctorfuzz: i dont take many pics
(12:52 / Observers) doctorfuzz: cuz im hideous
(12:55 / Observers) doctorfuzz: and not photogenic
(12:56 / Observers) MiLKyWaY: just
(12:57 / Observers) doctorfuzz: as we know
(12:59 / Observers) MyNameSucks: shut up for a second I want a screenshot
(13:00 / Observers) i.eat.crack: kodos
(13:02 / Observers) i.eat.crack: \
(13:03 / Observers) MiLKyWaY: take pics of the jaw
(13:05 / Observers) Gg.Sanchez: k
(13:06 / Observers) MyNameSucks: lol
(13:07 / Observers) Gg.Sanchez: r
(13:08 / Observers) Gg.Sanchez: sd
(13:08 / Observers) Gg.Sanchez: b
(13:09 / Observers) doctorfuzz: i got
(13:09 / Observers) Gg.Sanchez: m
(13:10 / Observers) Gg.Sanchez: se
(13:11 / Observers) Gg.Sanchez: nj
(13:11 / Observers) doctorfuzz: a macbook and pc
(13:12 / Observers) Gg.Sanchez: dty
(13:13 / Observers) Gg.Sanchez: xgh
(13:15 / Observers) MiLKyWaY: oh
(13:15 / Observers) doctorfuzz: i play on both
(13:16 / Observers) cRodz: that deathnight is a true fighter
(13:17 / Observers) micksandfobs: kodos
(13:20 / Observers) cRodz: he falls and he gets gbakc up
(13:21 / Observers) doctorfuzz: i on bed use macbook
(13:21 / Observers) MiLKyWaY: does wc werk well on macbook?
(13:28 / Observers) doctorfuzz: sorta sometimes
(13:28 / Observers) MiLKyWaY: i'm thinking of getting one for college
(13:33 / Observers) Gg.Sanchez: mass kodo is sexy beasts
(13:34 / Observers) micksandfobs: tanks
(13:35 / Observers) MiLKyWaY: but wc sucks on my ibook
(13:35 / Observers) MyNameSucks: 2 necropolis is pro
(13:37 / Observers) doctorfuzz: get a lot of errors somethimes
(13:41 / Observers) MiLKyWaY: ohg
(13:43 / Observers) MiLKyWaY: that's not fun
(13:45 / Observers) doctorfuzz: well not like errors
(13:45 / Observers) MiLKyWaY: but no lag?
(13:48 / Observers) doctorfuzz: i just gotta restart
(13:50 / Observers) doctorfuzz: no lag
(13:51 / Observers) MiLKyWaY: oh
(13:52 / Observers) MiLKyWaY: good
(13:54 / Observers) doctorfuzz: errors for wc
(13:54 / Observers) MiLKyWaY: i had lag
(13:55 / Observers) MiLKyWaY: LOTS
(13:56 / Observers) doctorfuzz: that is
(13:56 / Observers) MiLKyWaY: oh
(13:57 / Observers) MiLKyWaY: that sucks
(14:00 / Observers) doctorfuzz: macbook is good
(14:01 / Observers) micksandfobs: lol
(14:03 / Observers) doctorfuzz: i got pro
(14:04 / Observers) MiLKyWaY: good
(14:04 / Observers) doctorfuzz: tho
(14:05 / All) EyEsOnU: lawl
(14:06 / Observers) MiLKyWaY: it looks pretty
(14:08 / All) EyEsOnU: kodo ownage
(14:09 / Observers) doctorfuzz: maybe thats why its better
(14:10 / Observers) MiLKyWaY: yeah
(14:14 / Observers) MiLKyWaY: i just don't want the "air"
(14:16 / Observers) MyNameSucks: towers of the ass
(14:17 / Observers) doctorfuzz: cuz i got discount from college
(14:22 / Observers) MiLKyWaY: i think i'd snap it in half
(14:23 / Observers) cRodz: notice how he says "kodo ownage"
(14:28 / Observers) doctorfuzz: u can get discount
(14:30 / Observers) cRodz: but he is the one that had to retreat
(14:32 / Observers) doctorfuzz: education discount
(14:34 / Observers) MiLKyWaY: oh
(14:35 / Observers) doctorfuzz: from ur college
(14:35 / Observers) cRodz: green is the eptiome of faghood
(14:36 / Observers) MyNameSucks: one demolisher and gg grey
(14:36 / Observers) MiLKyWaY: i'll do that
(14:38 / Observers) doctorfuzz: to buy one
(14:38 / All) brooksyman: help josh dog!
(14:39 / Observers) MiLKyWaY: if i order soon
(14:40 / Observers) Gg.Sanchez: blue is my homie
(14:45 / Observers) MiLKyWaY: i get a free itouch
(14:48 / Observers) cRodz: LOOK
(14:50 / Observers) MiLKyWaY: you want an itouch?
(14:53 / Observers) doctorfuzz: ya
(14:53 / Observers) cRodz: A CRYPT
(14:54 / Observers) doctorfuzz: actually
(14:55 / Observers) MiLKyWaY: i don't need 2
(14:58 / Observers) cRodz: blue is going strong
(15:05 / Observers) doctorfuzz: just send it to me
(15:07 / All) brooksyman: dude wtf!!!!!!!!!! were a team
(15:08 / Observers) doctorfuzz: i give u liek
(15:10 / Observers) doctorfuzz: 75 bux
(15:12 / Observers) MiLKyWaY: nah
(15:13 / Observers) MiLKyWaY: it's free
(15:14 / All) EyEsOnU: gg lol
(15:15 / Observers) MiLKyWaY: comes free
(15:16 / Observers) cRodz: lmao
(15:17 / Observers) MyNameSucks: now to clean up blue
(15:19 / Observers) MiLKyWaY: depend
(15:19 / Observers) doctorfuzz: i got
(15:20 / Observers) MiLKyWaY: s
(15:21 / Observers) doctorfuzz: an ipod nano
(15:22 / Observers) doctorfuzz: for free
(15:22 / Observers) cRodz: grey doesnt realize blue doesnt have an army
(15:22 / Observers) MiLKyWaY: if i get one
(15:23 / Observers) MyNameSucks: watch blue will be on top of scores
(15:24 / Observers) doctorfuzz: u want that
(15:28 / All) EyEsOnU: this was juts retarded
(15:29 / Observers) MiLKyWaY: i got a nano
(15:30 / All) EyEsOnU: remake please.
(15:31 / Observers) MiLKyWaY: i don't like it
(15:32 / All) joshdog9: can you help me
(15:33 / Observers) Gg.Sanchez: blue will make a come back
(15:34 / Observers) doctorfuzz: U GOT EVERYTHING
(15:36 / Observers) MiLKyWaY: nah
(15:37 / Observers) micksandfobs: lol
(15:39 / Observers) MiLKyWaY: i don't got my pont
(15:41 / Observers) MiLKyWaY: pony
(15:43 / Observers) MiLKyWaY: *
(15:43 / Observers) cRodz: we shall help blue
(15:46 / Observers) doctorfuzz: enuff with the damn pony
(15:48 / Observers) MyNameSucks: blue needs to play campaign
(15:48 / Observers) micksandfobs: rofl
(15:51 / Observers) MiLKyWaY: will u get me a pony?
(15:53 / Observers) cRodz: the
(15:53 / Observers) MiLKyWaY: plz, hubby?
(15:54 / Observers) cRodz: ghoul
(15:55 / Observers) MyNameSucks: NO NOT THE ACOLYTE
(15:55 / Observers) cRodz: moved
(15:56 / Observers) doctorfuzz: ride me
(15:57 / Observers) doctorfuzz: instead
(15:59 / Observers) MiLKyWaY: wow
(16:01 / Observers) doctorfuzz: ;o
(16:03 / Observers) MyNameSucks: COIL GO
(16:04 / Observers) MiLKyWaY: i don't wanna ride the pony
(16:06 / Observers) cRodz: THE GHOUL FUCKING MOVED
(16:09 / Observers) doctorfuzz: ride dat pony
(16:10 / Observers) i.eat.crack: NO
(16:12 / Observers) MyNameSucks: jesus tap dancing christ
(16:12 / Observers) MiLKyWaY: i wanna watch it frolic in a meadow
(16:13 / Observers) doctorfuzz: its small
(16:17 / Observers) micksandfobs: lol
(16:20 / Observers) MiLKyWaY: and feed it hay
(16:24 / Observers) MiLKyWaY: can i feed you hay?
(16:26 / All) joshdog9: help
(16:27 / Observers) MyNameSucks: lol
(16:31 / Observers) i.eat.crack: lol
(16:33 / All) EyEsOnU: He left blue
(16:34 / Observers) MiLKyWaY: oh blue =x
(16:41 / Observers) cRodz: HELP!
(16:46 / Observers) i.eat.crack: my life must suck'
(16:46 / Observers) cRodz: truly a cry from a hero
(16:47 / Observers) MyNameSucks: halp guyz
(16:49 / Observers) i.eat.crack: i stayed and watch
(17:02 / Observers) cRodz: blue..
(17:03 / Observers) MyNameSucks: his ghoul died
(17:07 / Observers) cRodz: is awesome
(17:08 / Observers) MiLKyWaY: gG
(17:10 / Observers) MyNameSucks: and he never realized it existed
(17:12 / Observers) cRodz: ghoul
(17:15 / Observers) cRodz: is being digested
(17:17 / Observers) cRodz: nooo
(17:23 / Observers) cRodz: bang ghoul poop
(17:29 / Observers) MyNameSucks: it was a good ghoul
(17:32 / Observers) micksandfobs: lol
(17:35 / Observers) MyNameSucks: very good at sleeping
(17:36 / Observers) cRodz: now wut?
(17:38 / Observers) cRodz: wait for blue
(17:41 / Observers) cRodz: to make frostys?
(17:42 / Observers) MiLKyWaY: gg -.-;
(17:52 / Observers) micksandfobs: acolts
(17:56 / Observers) MyNameSucks: I'm saving this as motivation
(17:59 / Observers) cRodz: blue knows acos get money
(18:01 / Observers) MyNameSucks: that I can never be this bad
(18:37 / Observers) MyNameSucks: this will forever stay on my hard drive
(18:46 / All) EyEsOnU: why does this guy got two?
(18:50 / Observers) micksandfobs: lol